 Dungeon Crawl Stone Soup version 0.22-a0-348-gd16d139 (webtiles) character file.

2674 JeffiDaFish the Geomancer (level 9, -4/53 HPs)
             Began as a Gargoyle Earth Elementalist on Apr 11, 2018.
             Slain by an orc warrior
             ... wielding a +1 war axe of flaming
              (6 damage)
             ... on level 6 of the Dungeon.
             The game lasted 00:27:44 (9234 turns).

JeffiDaFish the Geomancer (GrEE)                    Turns: 9234, Time: 00:27:45

Health: -4/53      AC: 10    Str: 11    XL:     9   Next: 63%
Magic:  0/20       EV: 12    Int: 18    God:
Gold:   350        SH:  0    Dex: 12    Spells: 11/22 levels left

rFire    . . .     SeeInvis .   v - +4 whip
rCold    . . .     Gourm    .   (no shield)
rNeg     + . .     Faith    .   h - +2 robe {MR+}
rPois    ∞         Spirit   .   (no helmet)
rElec    +         Reflect  .   (no cloak)
rCorr    .         Harm     .   (no gloves)
MR       +....                  (no boots)
Stlth    ++........             e - amulet of the acrobat
HPRegen  0.17/turn              (no ring)
MPRegen  0.17/turn              (no ring)

@: no status effects
A: agile 1, negative energy resistance 1, electricity resistance, weak 1,
unbreathing, petrification resistance, rot immunity, subdued magic 1, AC +6
a: no special abilities


You were on level 6 of the Dungeon.
You were not hungry.

You visited 1 branch of the dungeon, and saw 7 of its levels.

You collected 350 gold pieces.

Inventory:

Hand Weapons
 l - a +0 quarterstaff
 v - a +4 whip (weapon)
Missiles
 u - 12 stones (quivered)
Armour
 h - a +2 robe of magic resistance (worn)
Jewellery
 e - an amulet of the acrobat (around neck)
Wands
 a - a wand of disintegration (13)
 i - a wand of iceblast (6)
 n - a wand of digging (10)
 s - a wand of acid (10)
 t - a wand of scattershot (7)
Scrolls
 b - 2 scrolls of identify
 c - 4 scrolls of magic mapping
 f - 6 scrolls of teleportation
 k - 6 scrolls of remove curse
 m - a scroll of blinking
 o - a scroll of enchant armour
Potions
 g - a potion of heal wounds
 j - a potion of brilliance
 p - a potion of curing
 r - 2 potions of haste
Comestibles
 d - 10 rations


   Skills:
 + Level 4.8 Fighting
 - Level 1.5 Dodging
 - Level 2.1 Stealth
 * Level 7.3 Spellcasting
 + Level 5.3 Conjurations
 - Level 0.7 Transmutations
 * Level 9.8 Earth Magic


You had 11 spell levels left.
You knew the following spells:

 Your Spells              Type           Power        Failure   Level  Hunger
a - Sandblast             Erth           ####..       1%          1    None
b - Stone Arrow           Conj/Erth      ####..       1%          3    #......
c - Lee's Rapid Deconstr  Erth           ####......   3%          5    #####..
d - Passwall              Tmut/Erth      ###.......   1%          2    None


Dungeon Overview and Level Annotations

Branches:
Dungeon (7/15)             Temple (0/1) D:6

Altars:
Dithmenos
Elyvilon
Kikubaaqudgha
Nemelex Xobeh


Innate Abilities, Weirdness & Mutations

You are resistant to torment.
Your stone body is resilient. (AC +6)
You are immune to poison.
You resist negative energy. (rN+)
You are resistant to electric shocks. (rElec)
You can survive without breathing.
You are immune to petrification.
You are immune to rotting.
You are agile. (Dex +2)
You are weak. (Str -2)
Your spells are a little easier to cast, but a little less powerful.


Message History

The orc warrior misses you.
You hit the orc warrior but do no damage.
The orc warrior is severely wounded.
The orc warrior barely misses you.
You hit the orc warrior.
The orc warrior is severely wounded.
The orc warrior hits you with a war axe of flaming!
The orc warrior burns you.
* * * LOW HITPOINT WARNING * * *
Casting: Sandblast (safe; 1% risk of failure)
Confirm with . or Enter, or press ? or * to list all spells.
Aiming: Sandblast (safe; 1% risk of failure)
Press: ? - help, Shift-Dir - straight line, f/p - orc warrior
Aim: an orc warrior, wielding a war axe of flaming and wearing a plate armour (severely wounded)
The blast of sand misses the orc warrior.
u - 12 stones The orc warrior hits you with a war axe of flaming!
* * * LOW HITPOINT WARNING * * *
The orc warrior burns you.
You die...

...#...#............##..##
.(.#...#.................#
...##+###.#########.##...#
##......#.#.......#.##..########
.#......'.#.>.#.>.#.....#......#
.'......#.#.......#.....#......#
.#...(..###########.##<.#......#
.####......##.#..#..##..#......#
....#.<....#....@o......#......#
....#......#........#######'####
#####......########## ##....#
..#####....# ##....# #.....#
...'§.'....# #.....# #.....#
...#..#....# #.....# ##....#
...#....§..# #.....######....#
...#.§.§§..# #...............#
####..#§...#####....##........#


You could see an orc warrior.

Vanquished Creatures
  Pikel (D:4)
  Grinder (D:4)
  A sky beast (D:5)
  A phantom (D:6)
  An ice beast (D:6)
  Purgy (D:3)
  A slave (D:4)
  A necrophage (D:7)
  4 ogres
  A centaur (D:5)
  A bullfrog (D:6)
  A scorpion (D:6)
  2 vampire bats (D:5)
  2 howler monkeys (D:7)
  A crimson imp (D:5)
  2 hounds (D:4)
  A quasit (D:6)
  A bullfrog zombie (D:5)
  A jelly (D:5)
  4 orc wizards
  A centaur skeleton (D:5)
  3 iguanas
  Ijyb (D:5)
  7 worker ants
  3 gnolls
  12 adders
  An ooze (D:2)
  2 adder skeletons
  4 worms
  2 dart slugs (D:2)
  3 leopard geckos
  7 orcs
  5 bat skeletons (D:5)
  2 giant cockroaches
  8 goblins
  9 hobgoblins
  15 jackals
  A ball python (D:6)
  A ball python skeleton (D:4)
  12 bats
  3 frilled lizards
  8 kobolds
  11 rats
  A fungus (D:4)
151 creatures vanquished.

Vanquished Creatures (others)
  A worker ant (D:4)
  2 fungi (D:4)
3 creatures vanquished.

Grand Total: 154 creatures vanquished

Notes
Turn   | Place    | Note
-------+----------+-------------------------------------------
     0 | D:1      | JeffiDaFish the Gargoyle Earth Elementalist began the quest for the Orb.
     0 | D:1      | Reached XP level 1. HP: 10/10 MP: 3/3
   236 | D:1      | Reached XP level 2. HP: 15/15 MP: 1/5
   237 | D:1      | Reached skill level 4 in Earth Magic
   713 | D:1      | Reached XP level 3. HP: 10/19 MP: 6/6
   967 | D:1      | Learned a level 3 spell: Stone Arrow
  1577 | D:2      | Reached XP level 4. HP: 21/24 MP: 1/8
  1822 | D:1      | Reached skill level 5 in Earth Magic
  2149 | D:2      | Reached skill level 1 in Conjurations
  2228 | D:2      | Reached XP level 5. HP: 28/28 MP: 3/10
  2547 | D:2      | Gained mutation: Your spells are a little easier to cast, but a little less powerful. [potion of mutation]
  2547 | D:2      | Gained mutation: You are weak. (Str -2) [potion of mutation]
  2547 | D:2      | Gained mutation: You are agile. (Dex +2) [potion of mutation]
  3261 | D:3      | Found a sparkling altar of Nemelex Xobeh.
  3534 | D:3      | Noticed Purgy
  3547 | D:3      | Learned a level 5 spell: Lee's Rapid Deconstruction
  3557 | D:3      | Killed Purgy
  3557 | D:3      | Reached skill level 6 in Earth Magic
  3557 | D:3      | Reached XP level 6. HP: 30/32 MP: 1/12
  4072 | D:4      | Noticed Grinder
  4079 | D:4      | Paralysed by Grinder for 5 turns
  4091 | D:4      | Killed Grinder
  4091 | D:4      | Reached skill level 1 in Fighting
  4091 | D:4      | Reached XP level 7. HP: 22/38 MP: 1/13
  4263 | D:4      | Noticed Pikel
  4268 | D:4      | Killed Pikel
  4268 | D:4      | Reached skill level 5 in Spellcasting
  4268 | D:4      | Reached skill level 7 in Earth Magic
  4268 | D:4      | Reached XP level 8. HP: 29/45 MP: 3/16
  4678 | D:4      | Reached skill level 8 in Earth Magic
  5509 | D:5      | Entered Level 5 of the Dungeon
  6071 | D:5      | Noticed Ijyb
  6075 | D:5      | Killed Ijyb
  6110 | D:5      | Found an ancient bone altar of Kikubaaqudgha.
  6361 | D:5      | Reached XP level 9. HP: 51/52 MP: 18/18
  6634 | D:5      | Reached skill level 9 in Earth Magic
  6860 | D:5      | Found a white marble altar of Elyvilon.
  7248 | D:6      | Found a staircase to the Ecumenical Temple.
  7464 | D:6      | Learned a level 2 spell: Passwall
  7552 | D:7      | Reached skill level 5 in Conjurations
  7799 | D:6      | Found a shadowy altar of Dithmenos.
  8846 | D:6      | Identified the cursed +1 long sword "Haurph" {protect, *Slow rPois rC+++ Stlth+} (You found it on level 6 of the Dungeon)
  9234 | D:6      | HP: 2/53 [orc warrior/war axe of flaming (12)]
  9234 | D:6      | Slain by an orc warrior

Vault maps used:
D:1:      minmay_arrival_four_circles, minmay_misc_feat_tiny
D:2:      serial_co_window_serial, co_window_paths_a,
          co_window_of_opportunity_a, co_window_corner_a, co_window_paths_b,
          co_window_paths_a, co_window_2corner, co_window_of_opportunity_b,
          co_window_cross_2, co_window_broadway_a, co_window_corner_cb,
          co_window_2corner, glass_columns_a
D:3:      first_ration, serial_bayou_pond_a, nemelex_lonely_heart_becter,
          uniq_purgy
D:4:      minmay_gold_behind_fungi, uniq_grinder, uniq_pikel
D:5:      lemuel_round_altar, kennysheep_vampire_church, uniq_ijyb
D:6:      grunt_dithmenos_smoke, minmay_temple_entry_from_below_a

Skill      XL: |  1  2  3  4  5  6  7  8  9 |
---------------+----------------------------+-----
Earth Magic    | 4 5 6 7 8 9 |  9.8
Spellcasting   | 3 4 5 6 7 |  7.3
Conjurations   | 1 2 3 4 5 |  5.3
Fighting       | 1 2 3 4 |  4.8
Dodging        | |  1.5
Stealth        | |  2.1
Transmutations | |  0.7

Action                   |  1- 3 |  4- 6 |  7- 9 || total
-------------------------+-------+-------+-------++-------
Melee: Unarmed           |    26 |       |       ||    26
       Short sword       |    36 |   104 |       ||   140
       Dagger            |     4 |       |       ||     4
       Quarterstaff      |       |    49 |    14 ||    63
       Whip              |       |       |   171 ||   171
 Cast: Sandblast         |    30 |     8 |    30 ||    68
       Stone Arrow       |     7 |    20 |    59 ||    86
       Lee's Rapid Decon |       |     1 |    23 ||    24
       Passwall          |       |       |     1 ||     1
Evoke: Wand              |       |       |     5 ||     5
  Use: Potion            |     3 |     5 |     5 ||    13
       Scroll            |     6 |     4 |     6 ||    16
 Stab: Sleeping          |     1 |     5 |       ||     6
  Eat: Chunk             |     2 |    11 |    13 ||    26
       Ration            |       |       |     4 ||     4
Armor: Robe              |    26 |    79 |    84 ||   189
Dodge: Dodged            |    64 |   138 |   153 ||   355

Table legend:
 A = Spawn XP
 B = Non-spawn XP
 C = Spawn XP percentage of total XP
 D = Spawn monster count
 E = Non-spawn monster count
 F = Spawn count percentage of total count
 G = Total turns spent on level
                    A         B        C        D         E        F      G
               +---------+---------+-------+---------+---------+-------+---------
         Total |       0 |    3821 |   0.0 |       0 |     149 |   0.0 |  9234
               +---------+---------+-------+---------+---------+-------+---------
           D:1 |       0 |      69 |   0.0 |       0 |      26 |   0.0 |  1304
           D:2 |       0 |     141 |   0.0 |       0 |      33 |   0.0 |  1821
           D:3 |       0 |     195 |   0.0 |       0 |      25 |   0.0 |  1079
           D:4 |       0 |    1571 |   0.0 |       0 |      23 |   0.0 |  1305
           D:5 |       0 |     760 |   0.0 |       0 |      22 |   0.0 |  1431
           D:6 |       0 |     742 |   0.0 |       0 |      14 |   0.0 |  2240
           D:7 |       0 |     343 |   0.0 |       0 |       6 |   0.0 |    54
               +---------+---------+-------+---------+---------+-------+---------
